AoeStats
← Cuervo

Nomad

508574919Analyzed
4v4 RM · 8d ago on Sep 23, 2026· 39m 50s· 8 players
Game mode
Random Map
Map size
231×231
Population
200
Speed
Normal
Resources
Standard
Victory
Conquest
Starting age
Dark Age
Ending age
Imperial Age
RankedLock teamsTeams togetherTeam positionsShared explorationLock speedFull tech treeHidden civsTurbo modeCheats
Victory
Defeat
🇺🇸 Malians · United States
1260
+10
🇺🇸 Wei · United States
1257
+10
🇺🇸 Celts · United States
1187
+13
🇺🇸 Aztecs · United States
1144
+15
🇨🇱 Muisca · Chile
1177
-14
🇦🇷 Poles · Argentina
1124
-12
🇦🇷 Portuguese · Argentina
1115
-12
🇦🇷 Malay · Argentina
1066
-10
Wolves&Lions
11:41 Loom
14:56 Feudal Age
22:13 Castle Age
23:11 Crossbowman
23:50 Fletching
25:15 Double-Bit Axe
26:14 Wheelbarrow
27:21 Pikeman
28:07 Bodkin Arrow
33:42 Bow Saw
40:11 Imperial Age
38:56 Scale Mail Armor
BSGA. Pablo Myers
4:44 Loom
13:32 Feudal Age
14:01 Double-Bit Axe
14:05 Fishing Lines
17:35 Fletching
20:20 Horse Collar
21:22 Gold Mining
24:13 Castle Age
22:42 Padded Archer Armor
24:16 Bloodlines
24:50 Wheelbarrow
24:55 Bodkin Arrow
25:09 Husbandry
26:39 Bow Saw
27:56 Gold Shaft Mining
30:39 Ballistics
31:14 Thumb Ring
35:03 Leather Archer Armor
36:07 Hand Cart
35:38 Town Watch
37:44 Tuntian
38:10 Scale Barding Armor
38:16 Forging
Chinball Wizard
4:40 Loom
15:41 Feudal Age
19:56 Castle Age
18:36 Double-Bit Axe
18:33 Horse Collar
23:32 Fletching
26:08 Forging
25:59 Scale Mail Armor
26:39 Bow Saw
27:57 Gold Mining
31:03 Chain Mail Armor
32:12 Iron Casting
35:25 Bodkin Arrow
FetusDeletus
4:55 Loom
13:31 Feudal Age
14:02 Double-Bit Axe
14:10 Town Watch
15:34 Fishing Lines
21:35 Castle Age
20:57 Gold Mining
22:52 Bow Saw
23:00 Medium Warships
23:47 Careening
23:48 Clinker Construction
25:09 Gillnets
24:52 Pikeman
26:19 Scale Mail Armor
27:05 Wheelbarrow
27:12 Forging
32:41 Horse Collar
38:19 Imperial Age
36:50 Chain Mail Armor
37:29 Iron Casting
38:26 Gold Shaft Mining
38:43 Elite Woad Raider
40:14 Plate Mail Armor
40:44 Blast Furnace
VZ | Thyrfing
7:11 Loom
7:15 Loom
19:28 Feudal Age
23:18 Castle Age
21:48 Fletching
21:56 Double-Bit Axe
22:07 Gold Mining
22:15 Stone Mining
22:52 Fishing Lines
27:41 Bodkin Arrow
27:46 Padded Archer Armor
28:34 Crossbowman
29:37 Leather Archer Armor
35:21 Leather Archer Armor
Cuervo
9:36 Loom
12:20 Loom
15:18 Feudal Age
19:10 Castle Age
28:00 Double-Bit Axe
37:13 Gold Mining
37:35 Elite Skirmisher
39:36 Fletching
39:47 Padded Archer Armor
Zamba
12:53 Loom
15:25 Feudal Age
16:21 Wheelbarrow
15:33 Horse Collar
15:41 Double-Bit Axe
19:38 Fletching
26:12 Castle Age
26:09 Medium Warships
27:11 Bodkin Arrow
30:24 Elite Skirmisher
42:40 Imperial Age
VikhyatArg
8:25 Loom
15:11 Feudal Age
19:21 Castle Age
18:01 Scale Barding Armor
18:11 Double-Bit Axe
18:26 Horse Collar
21:04 Chain Barding Armor
20:06 Light Cavalry
21:29 Heavy Plow
21:41 Bow Saw
26:30 Bloodlines
26:22 Husbandry
26:34 Forging
35:13 Imperial Age
34:12 Iron Casting
34:58 Fletching
36:02 Wheelbarrow
35:22 Winged Hussar
37:43 Conscription
38:19 Crop Rotation
38:37 Scale Mail Armor
39:41 Blast Furnace
38:55 Bodkin Arrow
40:13 Hand Cart
Connection lost

Rejoining the realm…

Still unreachable

The connection could not be restored.

Session expired

The server has moved on; the page needs a fresh start.